AoeStats
← Lockhart

Golden Pit

508521870Analyzed
1v1 RM · 9d ago on Sep 22, 2026· 40m 26s· 2 players
Game mode
Random Map
Map size
Tiny (2 player)
Population
200
Speed
Normal
Resources
Standard
Victory
Conquest
Starting age
Dark Age
Ending age
Imperial Age
RankedLock teamsTeams togetherTeam positionsShared explorationLock speedFull tech treeHidden civsTurbo modeCheats
Victory
Defeat
🇪🇸 Britons · Spain
1257
+16
🇺🇸 Muisca · United States
1264
-16
oldaq
10:54 Feudal Age
14:41 Castle Age
13:01 Loom
16:37 Town Watch
17:58 Wheelbarrow
21:20 Fletching
25:29 Ballistics
28:27 Bodkin Arrow
28:36 Padded Archer Armor
34:19 Leather Archer Armor
36:55 Imperial Age
34:41 Hand Cart
34:25 Light Cavalry
35:06 Husbandry
35:50 Double-Bit Axe
35:47 Horse Collar
35:58 Gold Mining
37:25 Bow Saw
38:10 Conscription
39:31 Warwolf
41:41 Chemistry
Lockhart
9:01 Loom
11:34 Feudal Age
12:52 Double-Bit Axe
12:47 Horse Collar
16:56 Castle Age
15:07 Fletching
16:36 Scale Mail Armor
16:59 Crossbowman
18:14 Bodkin Arrow
20:06 Padded Archer Armor
26:22 Leather Archer Armor
26:35 Ballistics
27:02 Town Watch
27:53 Wheelbarrow
31:56 Bow Saw
31:36 Gold Mining
31:39 Stone Mining
31:52 Heavy Plow
32:56 Wheelbarrow
36:35 Imperial Age
35:54 Thumb Ring
37:41 Conscription
37:30 Bracer
36:59 Arbalester
37:02 Capped Ram
38:59 Chemistry
40:25 Chain Mail Armor
40:20 Forging
Connection lost

Rejoining the realm…

Still unreachable

The connection could not be restored.

Session expired

The server has moved on; the page needs a fresh start.